 Dungeon Crawl Stone Soup version 0.26.0-45-g9c1d065592 (webtiles) character file.

Game seed: 3040680557951729845

(classic levelgen) 174 thiole the Stinger (level 5, 0/34 HPs)
             Began as an Octopode Venom Mage on Jan 30, 2021.
             Succumbed to an adder's poison
             ... on level 4 of the Dungeon.
             The game lasted 00:04:32 (3646 turns).

thiole the Stinger (Octopode Venom Mage)            Turns: 3646, Time: 00:04:32

Health: 0/34       AC:  1    Str:  7    XL:     5   Next: 54%
Magic:  2/8        EV: 13    Int: 19    God:
Gold:   159        SH:  0    Dex: 12    Spells: 7/8 levels left

rFire    . . .     SeeInvis .   (no weapon)
rCold    . . .     Faith    +   (no shield)
rNeg     . . .     Spirit   .   (helmet restricted)
rPois    .         Reflect  .   m - amulet of faith
rElec    .         Harm     .   (no ring)
rCorr    .         Rampage  .   (no ring)
Will     .....                  (no ring)
Stlth    +++.......             (no ring)
HPRegen  0.11/turn              (no ring)
MPRegen  0.11/turn              (no ring)
                                (no ring)
                                (no ring)

@: brilliant, lethally poisoned (0 -> -7)
A: almost no armour, stealthy swim, amphibious, 8 rings, constrict 8, camouflage
1, gelatinous body 1
a: no special abilities


You were on level 4 of the Dungeon.
You visited 1 branch of the dungeon, and saw 4 of its levels.

You collected 159 gold pieces.

Inventory:

Missiles
 d - 33 poisoned darts
Jewellery
 m - an amulet of faith (around mantle)
Wands
 h - a wand of random effects (20)
Scrolls
 c - a scroll of random uselessness {unknown}
 f - 5 scrolls of identify {unknown}
 g - 2 scrolls of remove curse {unknown}
 i - 2 scrolls of blinking {unknown}
 j - a scroll of enchant armour {unknown}
 k - a scroll of immolation {unknown}
 l - a scroll of magic mapping {unknown}


   Skills:
 + Level 2.2 Fighting
 - Level 2.0 Dodging
 - Level 2.6 Stealth
 - Level 2.0 Spellcasting
 - Level 2.0 Transmutations
 - Level 3.0 Fire Magic
 - Level 2.0 Air Magic
 - Level 4.0 Poison Magic


You had 7 spell levels left.
You knew the following spells:

 Your Spells              Type           Power        Failure   Level
a - Sting                 Tmut/Pois      76%          4%          1

Your spell library contained the following spells:

 Spells                   Type           Power        Failure   Level
 Poisonous Vapours        Pois/Air       38%          8%          2
 Ignite Poison            Fire/Tmut/Pois 19%          14%         3
 Mephitic Cloud           Conj/Pois/Air  14%          22%         3
 Olgreb's Toxic Radiance  Pois           25%          32%         4


Dungeon Overview and Level Annotations

Branches:
Dungeon (4/15)
 Temple: D:4-7

Altars:
Cheibriados
Ru
Xom
Yredelemnul
Zin


Innate Abilities, Weirdness & Mutations

You cannot wear most types of armour.
You are very stealthy in the water. (Stealth+)
You are amphibious.
You can wear up to eight rings at the same time.
You can use your tentacles to constrict eight enemies at once.
Your skin changes colour to match your surroundings (Stealth+).
Your rubbery body absorbs attacks. (AC +1, EV +1)


Message History

The gnoll misses you.
Casting: Sting (safe; 4% risk of failure)
Confirm with . or Enter, or press ? or * to list all spells.
Aiming: Sting (safe; 4% risk of failure)
Press: ? - help, Shift-Dir - straight line, f/p - gnoll
Aim: a gnoll (severely wounded, very poisoned, 23% to evade)
You feel a surge of power!
The sting hits the gnoll.
The gnoll looks even sicker.
The gnoll is almost dead.
You feel sick. The gnoll hits you!
* * * LOW HITPOINT WARNING * * *
Casting: Sting (safe; 4% risk of failure)
Confirm with . or Enter, or press ? or * to list all spells.
Aiming: Sting (safe; 4% risk of failure)
Press: ? - help, Shift-Dir - straight line, f/p - gnoll
Aim: a gnoll (almost dead, very poisoned, 23% to evade)
You feel a surge of power!
The sting hits the gnoll.
The gnoll looks as sick as possible!
You kill the gnoll!
You die...

#+# #... #.#.####
##.._....
...#.#..###############
........'..†@.........#
........############.##
#######.).............#
#S##########.#.##
#.#........#.#.#
#.#......#.#.#.#
#.###[.....#.#.# ...
#.#<.###.#.# #.#
#.######.#.#


There were no monsters in sight!

Vanquished Creatures
  A bullfrog zombie (D:3)
  4 gnolls (D:4)
  4 adders
  3 oozes
  A worm (D:2)
  A dart slug (D:2)
  2 leopard geckos
  An orc (D:3)
  5 bats
  3 giant cockroaches
  9 goblins
  5 hobgoblins
  2 jackals (D:3)
  5 quokkas
  A ball python (D:1)
  4 frilled lizards
  6 kobolds
  6 rats
63 creatures vanquished.

Notes
Turn   | Place    | Note
-------+----------+-------------------------------------------
     0 | D:1      | thiole the Octopode Venom Mage began the quest for the Orb.
     0 | D:1      | Reached XP level 1. HP: 11/11 MP: 3/3
    34 | D:1      | Reached skill level 4 in Poison Magic
   123 | D:1      | Reached XP level 2. HP: 18/18 MP: 1/5
   201 | D:1      | Reached skill level 1 in Fighting
   699 | D:1      | Reached XP level 3. HP: 24/24 MP: 4/6
  1525 | D:2      | Reached skill level 1 in Air Magic
  1650 | D:2      | Reached skill level 1 in Fire Magic
  1756 | D:2      | Reached XP level 4. HP: 29/29 MP: 3/7
  2684 | D:3      | Found a snail-covered altar of Cheibriados.
  2684 | D:3      | Found a sacrificial altar of Ru.
  3056 | D:3      | Reached XP level 5. HP: 4/34 MP: 0/8
  3333 | D:3      | Noticed an angel
  3334 | D:3      | Found a glowing silver altar of Zin.
  3334 | D:3      | Found a shimmering altar of Xom.
  3607 | D:4      | Found a basalt altar of Yredelemnul.
  3645 | D:4      | HP: 1/34 [gnoll (8)]
  3646 | D:4      | Succumbed to an adder's poison

Illustrated notes

Levels and vault maps discovered:
D:1:      onia_arrival_handbag, layout_loops_ring, serial_rivers,
          chequers_serial_rivers_micro_d, chequers_serial_rivers_micro_e,
          chequers_serial_rivers_small_3, chequers_serial_rivers_room_b
D:2:      layout_basic, chequers_serial_rivers_micro_e
D:3:      layout_rooms, grunt_temple_overflow_order_and_chaos_1,
          gammafunk_temple_overflow_elements, bh_walls_and_bars
D:4:      layout_basic, lemuel_crystal_altar, gammafunk_ghost_smash,
          serial_shops, nicolae_shop_statue_plus

Skill      XL: |  1  2  3  4  5 |
---------------+----------------+-----
Poison Magic   | 4 |  4.0
Fighting       | 2 |  2.2
Air Magic      | 1 2 |  2.0
Fire Magic     | 1 2 3 |  3.0
Transmutations | 2 |  2.0
Dodging        | |  2.0
Stealth        | |  2.6
Spellcasting   | |  2.0

Action                   |  1- 3 |  4- 6 || total
-------------------------+-------+-------++-------
Melee: Unarmed           |    19 |    39 ||    58
       Constrict         |     6 |    14 ||    20
       Tentacles         |     3 |     6 ||     9
 Cast: Sting             |    67 |    63 ||   130
  Use: Potion            |       |     4 ||     4
Armor: Skin              |     4 |     3 ||     7
Dodge: Dodged            |    18 |    59 ||    77
